 Dungeon Crawl Stone Soup version 0.29-a0-994-gc5c9f59d18 (webtiles) character file.

Game seed: 13362563544536588784

138 vurker the Sneak (level 5, -2/26 HPs)
             Began as a Vine Stalker Enchanter on Aug 3, 2022.
             Slain by Crazy Yiuf
             ... wielding a +2 quarterstaff of chaos
              (3 damage)
             ... on level 2 of the Dungeon.
             The game lasted 00:02:47 (2391 turns).

vurker the Sneak (Vine Stalker Enchanter)           Turns: 2391, Time: 00:02:48

Health: -2/26      AC:  7    Str: 12    XL:     5   Next: 21%
Magic:  0/9        EV: 10    Int: 15    God:
Gold:   84         SH:  0    Dex: 15    Spells: 8/8 levels left

rFire   . . .      SeeInvis .   a - +1 dagger
rCold   . . .      Faith    .   (no shield)
rNeg    . . .      Spirit   +   g - +0 ring mail
rPois   .          Reflect  .   k - +1 helmet
rElec   .          Harm     .   (no cloak)
rCorr   .          Rampage  .   (no gloves)
Will    .....                   (no boots)
Stlth   ++........              (no amulet)
HPRegen 0.88/turn               (no ring)
MPRegen 0.11/turn               (no ring)

@: lethally poisoned (-2 -> -3)
A: fangs 2, regeneration 1, magic shield, antimagic bite, no potion heal 2
a: no special abilities


You were on level 2 of the Dungeon.
You visited 1 branch of the dungeon, and saw 2 of its levels.

You collected 84 gold pieces.

Inventory:

Hand Weapons
 a - a +1 dagger (weapon)
Armour
 g - a +0 ring mail (worn)
   (You found it on level 1 of the Dungeon)
 k - a +1 helmet (worn)
   (You took it off Robin on level 2 of the Dungeon)
Wands
 t - a wand of flame (25)
   (You took it off Jessica on level 2 of the Dungeon)
Scrolls
 b - a scroll of amnesia {unknown}
 e - a scroll of fear {unknown}
 f - a scroll of magic mapping {unknown}
 h - a scroll of vulnerability {unknown}
 i - 2 scrolls of teleportation {unknown}
 m - a scroll of identify {unknown}
 n - a scroll of blinking {unknown}
Potions
 c - 2 potions of invisibility
 d - a potion of lignification {unknown}
 j - 2 potions of heal wounds {unknown}
 l - a potion of brilliance {unknown}


   Skills:
 + Level 2.2 Fighting
 * Level 3.6 Short Blades
 - Level 1.5 Dodging
 - Level 3.6 Stealth
 - Level 2.1 Spellcasting
 - Level 3.0 Hexes


You had 8 spell levels left.
You didn't know any spells.
Your spell library contained the following spells:

 Spells                   Type           Power      Damage    Failure   Level
 Ensorcelled Hibernation  Hex/Ice        12%        N/A       38%         2
 Confusing Touch          Hex            10%        N/A       41%         3
 Tukima's Dance           Hex            10%        N/A       41%         3
 Dazzling Flash           Conj/Hex       12%        N/A       63%         3


Dungeon Overview and Level Annotations

Branches:
Dungeon (2/15)

Altars:

Annotations:
D:2 Crazy Yiuf


Innate Abilities, Weirdness & Mutations

You have extremely sharp teeth.
Your natural rate of healing is unusually fast.
When hurt, damage is shared between your health and your magic reserves.
Your bite disrupts and absorbs the magic of your enemies.
Potions cannot restore your health.


Message History

Things that are here:
a +0 club; a +0 robe Key pressed, stopping explore.
You see here a hobgoblin skeleton.
You see here a hobgoblin skeleton.
There is a stone staircase leading down here.
Key pressed, stopping explore.
You see here a +0 dagger.
You see here a +0 halberd.
There is an open door here.
Things that are here:
a +0 club; a +0 robe Could not explore, unopened runed door.
You open the door.
Crazy Yiuf shouts!
There is an open translucent door here.
Crazy Yiuf hits you with a +2 quarterstaff of chaos.
You hit Crazy Yiuf but do no damage. Your bite misses Crazy Yiuf.
Crazy Yiuf closely misses you.
You barely miss Crazy Yiuf. You bite Crazy Yiuf, but do no damage.
Crazy Yiuf hits you with a +2 quarterstaff of chaos.
You barely miss Crazy Yiuf. Crazy Yiuf hits you but does no damage.
You hit Crazy Yiuf but do no damage.
Crazy Yiuf laughs, "Key!"
Crazy Yiuf hits you with a +2 quarterstaff of chaos.
You hit Crazy Yiuf but do no damage. You barely miss Crazy Yiuf.
Crazy Yiuf barely misses you.
You hit Crazy Yiuf but do no damage. You bite Crazy Yiuf. You drain his power.
You feel invigorated.
Crazy Yiuf hits you with a +2 quarterstaff of chaos.
You are poisoned.
You barely miss Crazy Yiuf. Your bite misses Crazy Yiuf.
You feel sick. Crazy Yiuf barely misses you.
You hit Crazy Yiuf but do no damage.
You feel sick.
Crazy Yiuf says, "Trifle verde bag!"
Crazy Yiuf hits you with a +2 quarterstaff of chaos!
You are electrocuted!
* * * LOW HITPOINT WARNING * * *
Okay, then.
You hit Crazy Yiuf. You bite Crazy Yiuf. You drain his power.
You feel invigorated.
You feel sick.
You hit Crazy Yiuf but do no damage.
You feel sick.
Crazy Yiuf hits you with a +2 quarterstaff of chaos!
* * * LOW HITPOINT WARNING * * *
Crazy Yiuf freezes you.
* * * LOW HITPOINT WARNING * * *
* * * LOW HITPOINT WARNING * * *
You feel sick.
Crazy Yiuf hits you with a +2 quarterstaff of chaos.
You die...

#####.###.....# #.#.######.......
#.............###.#.#....#.......
#.###.#.#.......................#
#.# #.#.#.#...####..#.)..#.##.#.#
#.# ########### ######'##.##.#.#
#.# #............ #.#
#......####.# #.#####♣♣ #####
#.#.#######.# #.##....♣♣ ♣♣#.@)#
#.#.......#.# #.......P♣♣♣♣.'.g.#
#.#.#####.#.. #.##...PP.♣..♣#...#
#.#.###<..#.. #.###....♣.♣♣♣#####
#............ #.#####♣♣♣♣♣
#.#.###...... #.#..#
#...#####.... #.#.###### ######
###....##.... #.#.#.##.# #....#
#....##.##. #.#.#.##.# #)...#
#....##.##.


You could see Crazy Yiuf.

Vanquished Creatures
  Jessica (D:2)
  Robin (D:2)
  An adder (D:2)
  4 gnolls
  A dart slug (D:2)
  A ball python (D:2)
  10 bats
  An endoplasm (D:2)
  2 giant cockroaches
  11 goblins
  8 hobgoblins
  2 quokkas
  3 frilled lizards
  3 kobolds
  2 rats
51 creatures vanquished.

Vanquished Creatures (others)
  A goblin (D:2)
1 creature vanquished.

Grand Total: 52 creatures vanquished

Notes
Turn   | Place    | Note
-------+----------+-------------------------------------------
     0 | D:1      | vurker the Vine Stalker Enchanter began the quest for the
                  | Orb.
     0 | D:1      | Reached XP level 1. HP: 9/9 MP: 4/4
    64 | D:1      | Reached skill level 1 in Short Blades
   279 | D:1      | Reached XP level 2. HP: 14/14 MP: 6/6
   360 | D:1      | Reached skill level 1 in Fighting
   437 | D:1      | Reached XP level 3. HP: 18/18 MP: 5/7
   726 | D:1      | Found a faded altar of an unknown god.
  1259 | D:2      | Gained mutation: Your natural rate of healing is unusually
                  | fast. [Vine Stalker growth]
  1259 | D:2      | Reached XP level 4. HP: 13/22 MP: 6/8
  1269 | D:2      | Noticed Robin
  1310 | D:2      | Killed Robin
  1622 | D:2      | Noticed Jessica
  1626 | D:2      | Killed Jessica
  1627 | D:2      | Reached XP level 5. HP: 25/26 MP: 7/9
  1695 | D:2      | Found a runed translucent door.
  1696 | D:2      | Noticed Crazy Yiuf
  2390 | D:2      | HP: 1/26 [Crazy Yiuf/+2 quarterstaff of chaos (1)]
  2391 | D:2      | Slain by Crazy Yiuf

Illustrated notes

Levels and vault maps discovered:
D:1:      co_arrival_square_in_a_square_in_a_square, layout_loops_ring,
          hellmonk_ecumenical_altar_crossroads,
          nicolae_concentric_dashed_squares_mild
D:2:      layout_basic, uniq_robin, uniq_crazy_yiuf_cottage, uniq_jessica

Skill      XL: |  1  2  3  4 |
---------------+-------------+-----
Short Blades   | 1 2 3 |  3.6
Fighting       | 1 2 |  2.2
Dodging        | |  1.5
Stealth        | |  3.6
Spellcasting   | |  2.1
Hexes          | |  3.0

Action                   |  1- 3 |  4- 6 || total
-------------------------+-------+-------++-------
Melee: Dagger            |    81 |   122 ||   203
       Bite              |    23 |    29 ||    52
       Punch             |     1 |     1 ||     2
 Stab: Sleeping          |     3 |     3 ||     6
Armor: Robe              |     8 |       ||     8
       Ring mail         |    36 |    66 ||   102
Dodge: Dodged            |    44 |    82 ||   126

Table legend: (Time is in decaauts)
 A = Elapsed time spent in this place.
 B = Non-inter-level travel time spent in this place.
 C = Inter-level travel time spent in this place.
 D = Time resting spent in this place.
 E = Time spent auto-exploring this place.
 F = Levels seen in this place.
 G = Mean time per level.
                   A        B        C        D        E       F      G
               +--------+--------+--------+--------+--------+-----+--------+
         Total |   2369 |   2314 |     55 |    236 |   1626 |   2 | 1184.5 |
       Dungeon |   2369 |   2314 |     55 |    236 |   1626 |   2 | 1184.5 |
               +--------+--------+--------+--------+--------+-----+--------+

Top non-repeatable levels by time:
     D:2: 1187 daAuts
     D:1: 1181 daAuts
